AoeStats
← mark_aoe_2024

Nomad

510166974Analyzed
4v4 RM · 4d ago on Sep 29, 2026· 31m 59s· 8 players
Game mode
Random Map
Map size
231×231
Population
200
Speed
Normal
Resources
Standard
Victory
Conquest
Starting age
Dark Age
Ending age
Imperial Age
RankedLock teamsTeams togetherTeam positionsShared explorationLock speedFull tech treeHidden civsTurbo modeCheats
Victory
Defeat
🇳🇿 Persians · New Zealand
1240
+14
🇺🇸 Gurjaras · United States
1203
+16
🇲🇽 Varangians · Mexico
1169
+17
🇹🇷 Huns · Türkiye
1168
+17
🇹🇷 Huns · Türkiye
1280
-19
🇦🇺 Romans · Australia
1255
-18
🇹🇷 Sicilians · Türkiye
1215
-17
🇭🇰 Saracens · Hong Kong SAR China
1050
-10
Enrique70
5:02 Loom
17:15 Feudal Age
21:56 Castle Age
20:19 Double-Bit Axe
21:23 Scale Mail Armor
21:33 Forging
21:11 Arson
21:31 Horse Collar
22:41 Gold Mining
25:23 Bow Saw
26:36 Wheelbarrow
mark_aoe_2024
4:59 Loom
14:16 Feudal Age
14:59 Double-Bit Axe
20:15 Castle Age
19:15 Bloodlines
21:08 Fletching
21:21 Husbandry
21:42 Bow Saw
22:15 Thumb Ring
22:11 Horse Collar
22:21 Fishing Lines
24:17 Bodkin Arrow
32:18 Wheelbarrow
CoskunKaya
12:12 Loom
13:58 Feudal Age
20:55 Castle Age
19:54 Fletching
22:51 Padded Archer Armor
22:49 Double-Bit Axe
22:44 Horse Collar
23:17 Horse Collar
23:32 Gold Mining
25:33 Heavy Plow
25:59 Bloodlines
27:37 Wheelbarrow
rukas
12:51 Feudal Age
16:38 Castle Age
15:52 Double-Bit Axe
17:46 Loom
22:17 Town Watch
25:08 Stone Mining
31:39 Fletching
Milkus Dilkus
15:13 Feudal Age
17:37 Forging
17:27 Scale Mail Armor
17:22 Fishing Lines
20:07 Castle Age
18:46 Double-Bit Axe
19:22 Gold Mining
21:20 Bow Saw
21:31 Chain Mail Armor
21:19 Gillnets
23:44 Iron Casting
29:31 Stone Mining
31:20 Squires
Dickus Giganticus
14:42 Feudal Age
13:00 Loom
14:47 Feudal Age
17:34 Double-Bit Axe
19:55 Castle Age
20:48 Bow Saw
20:29 Horse Collar
23:10 Crossbowman
23:54 Fletching
24:28 Elite Skirmisher
Grim Reaper
4:51 Loom
13:59 Feudal Age
14:29 Double-Bit Axe
15:08 Fishing Lines
15:49 Fishing Lines
20:54 Castle Age
18:53 Stone Mining
18:54 Gold Mining
25:29 Castle Age
26:26 Bow Saw
26:56 Gold Shaft Mining
30:55 Wheelbarrow
Arfah
11:17 Loom
13:29 Feudal Age
14:00 Man-at-Arms
14:49 Scale Mail Armor
15:53 Horse Collar
20:11 Double-Bit Axe
20:52 Fletching
22:07 Fishing Lines
24:12 Forging
32:17 Castle Age
30:55 Wheelbarrow
Connection lost

Rejoining the realm…

Still unreachable

The connection could not be restored.

Session expired

The server has moved on; the page needs a fresh start.